 Dungeon Crawl Stone Soup version 0.30-a0-378-g86d51d8b50 (webtiles) character file.

Game seed: 5076828880345276253

2326 Jaike the Summoner (level 9, -20/61 HPs)
             Began as a Merfolk Summoner on Dec 1, 2022.
             Was a Follower of Qazlal.
             Killed by an exploding themself (29 damage)
             ... ignited by their inner flame
             ... on level 7 of the Dungeon.
             The game lasted 01:31:13 (6925 turns).

Jaike the Summoner (Merfolk Summoner)               Turns: 6925, Time: 01:31:13

Health: -20/61     AC:  8    Str: 10    XL:     9   Next: 42%
Magic:  18/20      EV: 13    Int: 17    God:    Qazlal [*.....]
Gold:   299        SH:  8    Dex: 14    Spells: 14/23 levels left

rFire   . . .      SeeInvis .    p - staff of fire
rCold   + . .      Faith    .    d - +2 buckler
rNeg    . . .      Spirit   .    a - +0 robe
rPois   .          Reflect  .    (no helmet)
rElec   .          Harm     .    (no cloak)
rCorr   .          Rampage  .    (no gloves)
Will    .....                    (no boots)
Stlth   ++........               r - amulet of magic regeneration
HPRegen 0.30/turn                c - +4 ring of protection
MPRegen 0.57/turn                n - ring of ice

@: no status effects
A: (nimble swimmer 2), mertail, iridescent scales 1
a: Renounce Religion


You were on level 7 of the Dungeon.
You worshipped Qazlal.
Qazlal was aware of your devotion.
You visited 2 branches of the dungeon, and saw 8 of its levels.

You collected 299 gold pieces.

Inventory:

Hand Weapons
 f - a +0 dagger
 y - a +2 whip of electrocution
Missiles
 e - 64 stones
 j - 11 large rocks
 o - 5 boomerangs
 w - a throwing net
 x - 6 javelins
Armour
 a - a +0 robe (worn)
 d - a +2 buckler (worn)
Magical Staves
 p - a staff of fire (weapon)
 q - a staff of death
Jewellery
 c - a +4 ring of protection (left hand)
 l - an amulet of regeneration
 n - a ring of ice (right hand)
 r - an amulet of magic regeneration (around neck)
 t - an amulet of reflection
Wands
 k - a wand of digging (5)
 s - a wand of flame (19)
Scrolls
 h - 7 scrolls of identify
 m - a scroll of blinking
 u - a scroll of summoning {unknown}
 v - 3 scrolls of butterflies {unknown}
 z - a scroll of teleportation
Potions
 b - a potion of berserk rage
 g - 2 potions of curing
 i - a potion of cancellation


   Skills:
 + Level 2.0 Fighting
 + Level 1.1 Short Blades
 + Level 0.6 Staves
 + Level 4.5 Dodging
 + Level 3.3 Stealth
 + Level 1.3 Shields
 + Level 7.8 Spellcasting
 + Level 0.2 Hexes
 + Level 8.8 Summonings


You had 14 spell levels left.
You knew the following spells:

 Your Spells              Type           Power      Damage    Failure   Level
a - Summon Small Mammal   Summ           100%       N/A       1%          1
b - Call Imp              Summ           36%        N/A       1%          2
c - Call Canine Familiar  Summ           36%        N/A       1%          3
d - Summon Guardian Gole  Hex/Summ       22%        N/A       6%          3

Your spell library contained the following spells:

 Spells                   Type           Power      Damage    Failure   Level
 Slow                     Hex            28%        N/A       13%         1
 Kiss of Death            Conj/Necr      24%        2d7       14%         1
 Necrotise                Necr           24%        1d5       14%         1
 Summon Lightning Spire   Summ/Air       21%        N/A       22%         4
 Confusing Touch          Hex            7%         N/A       36%         3
 Vampiric Draining        Necr           6%         2d6       38%         3
 Dispel Undead            Necr           6%         3d8       80%         4
 Agony                    Necr           6%         N/A       98%         5


Dungeon Overview and Level Annotations

Branches:
Dungeon (7/15)             Temple (1/1) D:4

Altars:
Ashenzari
Cheibriados
Dithmenos
Fedhas
Hepliaklqana
Kikubaaqudgha
Makhleb
Nemelex Xobeh
Okawaru
Qazlal
Ru
Sif Muna
Trog
Uskayaw
Wu Jian
Yredelemnul
Zin
The Shining One

Shops:
D:4 [


Innate Abilities, Weirdness & Mutations

((You are very nimble when in or above water. (Stealth+, EV+, Speed+++)))
Your lower body shifts to a powerful aquatic tail in water.
You are partially covered in iridescent scales. (AC +2)


Message History

The ice beast hits your quokka but does no damage.
You block the water moccasin's attack.
You closely miss the water moccasin.
The water moccasin is heavily wounded.
Your quokka bites the ice beast.
Your white imp hits the orc.
Your white imp freezes the orc.
The orc dies!
Qazlal accepts your kill.
The water moccasin bites you but does no damage.
Your guardian golem is engulfed in blazing flames.
Flame seeps out of your guardian golem.
Your rat bites the ice beast.
The ice beast barely misses your quokka.
Your quokka barely misses the ice beast.
Your white imp hits the orc.
The orc dies!
Qazlal accepts your kill.
You hit the water moccasin.
The water moccasin is severely wounded.
The water moccasin bites you!
* * * LOW HITPOINT WARNING * * *
Your rat bites the ice beast but does no damage.
The ice beast hits your guardian golem but does no damage.
Your quokka bites the ice beast.
The water moccasin bites you but does no damage.
Your guardian golem is engulfed in freezing vapours.
Flame seeps out of your guardian golem.
The ice beast hits your guardian golem but does no damage.
Your rat bites the ice beast.
The orc misses your white imp.
Casting: Summon Small Mammal (safe; 1% risk of failure)
Confirm with . or Enter, or press ? or * to list all spells.
The water moccasin misses you.
Your quokka bites the ice beast but does no damage.
Your white imp closely misses the water moccasin.
The water moccasin misses you.
Your guardian golem is engulfed in freezing vapours.
Your guardian golem disappears in a puff of smoke!
Your guardian golem explodes!
You hear a sizzling sound!
The fiery explosion engulfs you!!
You die...

...S.o..o...#
............#
##..##..##Y######
..##..##.§.#..##
.<........oo#....#
............#....#
######.###..#########
#.###)#######..##
...#..o☼..#@h§..#
...#...☼..#S.r..#
.§.#ro☼oo.#5Yr..#
#....§§#o....#
#...9S§')....#
#...r.##..####
###########


You could see a water moccasin (ally target), an ice beast (ally target), an
orc, a friendly wolf (summoned), a friendly white imp (summoned, sheltered), a
friendly quokka (summoned, sheltered) and a friendly rat (summoned, sheltered).

Vanquished Creatures
  A black bear (D:6)
  An ogre (D:5)
  A hound (D:6)
  An iguana (D:4)
  A gnoll (D:6)
  An orc (D:4)
  3 bats
  A giant cockroach (D:1)
  A goblin (D:4)
  A hobgoblin (D:1)
  3 jackals (D:1)
  2 quokkas
  A kobold (D:1)
  A rat (D:1)
19 creatures vanquished.

Vanquished Creatures (collateral kills)
  Eustachio (D:4)
  A nameless horror (D:4)
  A steam dragon (D:7)
  A sky beast (D:7)
  A black bear (D:5)
  3 ogres
  3 scorpions
  A necrophage (D:5)
  A howler monkey (D:5)
  An electric eel (D:6)
  5 hounds
  A jelly (D:6)
  An orc priest (D:7)
  An iguana (D:5)
  3 orc wizards (D:6)
  6 gnolls (D:6)
  6 adders
  A shadow imp (D:5)
  2 white imps
  2 ufetubi (D:4)
  A dart slug (D:4)
  11 orcs
  An endoplasm (D:4)
  A giant cockroach (D:2)
  13 goblins
  6 hobgoblins
  11 jackals
  4 kobolds
  4 quokkas
  8 ball pythons
  3 bats
  3 frilled lizards (D:2)
  6 rats
114 creatures vanquished.

Vanquished Creatures (others)
  Pikel (D:6)
  An ice beast (D:6)
  2 orc wizards
  A white imp (D:6)
  A goblin (D:4)
  5 plants (D:1)
11 creatures vanquished.

Grand Total: 144 creatures vanquished

Notes
Turn   | Place    | Note
-------+----------+-------------------------------------------
     0 | D:1      | Jaike the Merfolk Summoner began the quest for the Orb.
     0 | D:1      | Reached XP level 1. HP: 13/13 MP: 3/3
   289 | D:1      | Reached XP level 2. HP: 19/19 MP: 3/5
   368 | D:1      | Learned a level 2 spell: Call Imp
   724 | D:1      | Reached XP level 3. HP: 24/24 MP: 4/6
  1667 | D:2      | Found a faded altar of an unknown god.
  1847 | D:2      | Reached XP level 4. HP: 30/30 MP: 4/8
  2312 | D:3      | Learned a level 3 spell: Call Canine Familiar
  2837 | D:4      | Gained mutation: You are dopey. (Int -2) [potion of
                  | mutation]
  2837 | D:4      | Lost mutation: You are dopey. (Int -2) [potion of mutation]
  2837 | D:4      | Gained mutation: You are partially covered in iridescent
                  | scales. (AC +2) [potion of mutation]
  2861 | D:4      | Found Maxuckiuts's Antique Armour Shop.
  2972 | D:4      | Reached skill level 5 in Summonings
  2977 | D:4      | Reached XP level 5. HP: 35/35 MP: 2/10
  3325 | D:4      | Found a staircase to the Ecumenical Temple.
  3394 | Temple   | Entered the Ecumenical Temple
  3493 | Temple   | Became a worshipper of Qazlal Stormbringer
  3523 | D:4      | Reached XP level 6. HP: 41/41 MP: 4/12
  3523 | D:4      | Noticed Eustachio
  3531 | D:4      | Learned a level 3 spell: Summon Guardian Golem
  3535 | D:4      | Noticed a nameless horror
  3672 | D:4      | HP: 1/41 [nameless horror[miscasting Summon Guardian Golem]
                  | (7)]
  3956 | D:4      | Reached skill level 1 in Short Blades
  3956 | D:4      | Reached skill level 6 in Summonings
  4153 | D:4      | Reached XP level 7. HP: 47/47 MP: 3/13
  4213 | D:4      | Killed Eustachio
  4363 | D:4      | Killed a nameless horror
  4567 | D:5      | Entered Level 5 of the Dungeon
  4659 | D:5      | Reached skill level 5 in Spellcasting
  5012 | D:5      | Reached skill level 7 in Summonings
  5012 | D:5      | Reached XP level 8. HP: 52/53 MP: 12/16
  5083 | D:5      | Reached * piety under Qazlal
  5479 | D:6      | Reached skill level 1 in Fighting
  6436 | D:6      | Noticed Pikel
  6702 | D:6      | Killed Pikel
  6703 | D:6      | Reached skill level 1 in Shields
  6703 | D:6      | Reached skill level 8 in Summonings
  6703 | D:6      | Reached XP level 9. HP: 61/61 MP: 15/20
  6850 | D:7      | HP: 3/61 [orc priest/nerve-wracking pain (12)]
  6925 | D:7      | Killed by an exploding themself... ignited by their inner
                  | flame

Illustrated notes

Levels and vault maps discovered:
D:1:      dpeg_arrival_simpleton_b, layout_loops_cross, serial_bayou_pond_c,
          minmay_misc_feat_four_crosses
D:2:      layout_loops_cross, ebering_ecumenical_altar_box
D:3:      layout_loops_ring
D:4:      layout_cave_pods, minmay_temple_entry_antechambers, serial_shops,
          shop_statue, minmay_misc_feat_columns, minmay_liquid_box,
          st_stairs_10, chequers_serial_rivers_micro_e, minmay_ogre_servants,
          uniq_eustachio
D:5:      layout_rooms
D:6:      layout_basic, hangedman_decor_growths, moated_statue,
          serial_bayou_pond_d, minmay_misc_feat_roman, minmay_crystal_water,
          uniq_pikel
D:7:      layout_gridville, jmf_multi_god_temple2, uniq_duvessa
Temple:   mainiacjoe_temple_coin_purse

Skill      XL: |  1  2  3  4  5  6  7  8 |
---------------+-------------------------+-----
Dodging        | 3 4 |  4.5
Spellcasting   | 3 4 5 7 |  7.8
Summonings     | 5 6 7 8 |  8.8
Short Blades   | 1 |  1.1
Stealth        | 3 |  3.3
Fighting       | 2 |  2.0
Shields        | 1 |  1.3
Staves         | |  0.6
Hexes          | |  0.2

Action                   |  1- 3 |  4- 6 |  7- 9 || total
-------------------------+-------+-------+-------++-------
Melee: Unarmed           |    12 |       |       ||    12
       Dagger            |    53 |    49 |       ||   102
       Staff             |       |       |   100 ||   100
 Cast: Summon Small Mamm |    48 |    61 |    90 ||   199
       Call Imp          |    15 |    27 |    31 ||    73
       Call Canine Famil |       |    21 |    38 ||    59
       Summon Guardian G |       |       |     5 ||     5
  Use: Scroll            |     2 |     4 |     2 ||     8
       Potion            |     6 |     2 |     8 ||    16
 Stab: Distracted        |     1 |     1 |     2 ||     4
       Sleeping          |     1 |       |       ||     1
Armor: Robe              |    38 |    21 |    72 ||   131
Dodge: Dodged            |    64 |    36 |    99 ||   199
Block: Buckler           |    21 |    19 |    63 ||   103

Table legend: (Time is in decaauts)
 A = Elapsed time spent in this place.
 B = Non-inter-level travel time spent in this place.
 C = Inter-level travel time spent in this place.
 D = Time resting spent in this place.
 E = Time spent auto-exploring this place.
 F = Levels seen in this place.
 G = Mean time per level.
                   A        B        C        D        E       F      G
               +--------+--------+--------+--------+--------+-----+--------+
         Total |   6925 |   4388 |   2537 |   1131 |    671 |   8 |  865.6 |
       Dungeon |   6812 |   4385 |   2427 |   1131 |    671 |   7 |  973.1 |
        Temple |    112 |      2 |    110 |      0 |      0 |   1 |  112.0 |
               +--------+--------+--------+--------+--------+-----+--------+

Top non-repeatable levels by time:
     D:4: 1648 daAuts
     D:6: 1423 daAuts
     D:1: 1106 daAuts
     D:2: 979 daAuts
     D:5: 816 daAuts
     D:3: 711 daAuts
     D:7: 126 daAuts
  Temple: 112 daAuts
